 Dungeon Crawl Stone Soup version 0.22.1-1-ga44c0e56f4 (webtiles) character file.

43 Kristenmann the Purveyor of Pain (level 3, -3/24 HPs)
             Began as a Human Necromancer on Oct 3, 2018.
             Was an Initiate of Kikubaaqudgha.
             Slain by a gnoll
             ... wielding a +0 halberd
              (14 damage)
             ... on level 2 of the Dungeon.
             The game lasted 00:15:37 (1637 turns).

Kristenmann the Purveyor of Pain (HuNe)             Turns: 1637, Time: 00:15:37

Health: -3/24      AC:  3    Str:  8    XL:     3   Next: 82%
Magic:  6/6        EV: 12    Int: 16    God:    Kikubaaqudgha [......]
Gold:   77         SH:  0    Dex: 13    Spells: 6/7 levels left

rFire    . . .     SeeInvis .   n - +0 whip
rCold    . . .     Gourm    .   (no shield)
rNeg     . . .     Faith    .   j - +0 leather armour
rPois    .         Spirit   .   (no helmet)
rElec    .         Reflect  .   (no cloak)
rCorr    .         Harm     .   (no gloves)
MR       .....                  (no boots)
Stlth    ++........             (no amulet)
HPRegen  0.08/turn              (no ring)
MPRegen  0.10/turn              (no ring)

@: no status effects
A: no striking features
a: Renounce Religion


You were on level 2 of the Dungeon.
You worshipped Kikubaaqudgha.
Kikubaaqudgha was noncommittal.
You were not hungry.

You visited 1 branch of the dungeon, and saw 2 of its levels.

You collected 77 gold pieces.

Inventory:

Hand Weapons
 f - a +0 spear
 n - a +0 whip (weapon)
Missiles
 g - 19 bolts
 l - 18 arrows
Armour
 a - a +0 robe
 i - a +0 ring mail
 j - a +0 leather armour (worn)
 o - a +0 robe
Jewellery
 q - an uncursed ring of protection from magic {unknown}
Scrolls
 d - 3 scrolls of identify {unknown}
 h - a scroll of enchant armour {unknown}
 k - a scroll of magic mapping {unknown}
 m - a scroll of random uselessness {unknown}
 p - a scroll of remove curse {unknown}
Potions
 b - 3 potions of heal wounds {unknown}
 e - a potion of might {unknown}
Comestibles
 c - 2 rations


   Skills:
 + Level 0.1 Fighting
 + Level 0.8 Armour
 + Level 2.1 Dodging
 + Level 2.0 Stealth
 + Level 2.5 Spellcasting
 + Level 4.6 Necromancy


You had 6 spell levels left.
You knew the following spells:

 Your Spells              Type           Power        Failure   Level  Hunger
a - Pain                  Necr           ###.         4%          1    #......

Your spell library contained the following spells:

 Spells                   Type           Power        Failure   Level  Hunger
 Animate Skeleton         Necr           N/A          4%          1    #......
 Vampiric Draining        Necr           ###.......   12%         3    ###....
 Regeneration             Chrm/Necr      #.........   32%         3    ###....
 Animate Dead             Necr           N/A          38%         4    #####..


Dungeon Overview and Level Annotations

Branches:
Dungeon (2/15)

Altars:
Fedhas
Kikubaaqudgha


Message History

Aiming: Pain (safe; 4% risk of failure)
Press: ? - help, Shift-Dir - straight line, f - gnoll
Aim: a gnoll, wielding a halberd (chance to defeat MR: 81%)
The gnoll writhes in agony!
The gnoll hits you from afar with a halberd!
The gnoll hits you from afar with a halberd!
* * * LOW HITPOINT WARNING * * *
The gnoll hits you from afar with a halberd.
* * * LOW HITPOINT WARNING * * *
The gnoll closely misses you. The gnoll barely misses you.
You see here a leather armour.
There is an open door here.
There is an open door here.
The gnoll closely misses you.
There is a stone staircase leading down here.
The gnoll hits you from afar with a halberd!
Ouch! That really hurt!
You die...
Kikubaaqudgha rasps: "You have failed me!
Welcome... death!"

#.....#.... #... ##...## ## #...
##.## ### #.## #.# .. ..#
##.#####... #.# #.##.##.# #.....#
### ##+## #.#...#.# #..##.#
##...## #.#...#.# #..##.#
#.....## #.#...#.# #..##.#
.......###.##..#@# #..##.## #
........#....≈.#.######..#...####
........'≈≈≈≈....g...gg.........)
.........≈≈_≈..#########.#...####
.......##≈≈≈≈.....# #.##.## #
#.....###..≈...##.# #.####
##...## ####.#.## # ##g## ##+##
#<#..#.# #.g.#### #.# #.##.#.#
#......#


You could see a gnoll.

Vanquished Creatures
  2 adders (D:2)
  A dart slug (D:1)
  A leopard gecko (D:2)
  A giant cockroach (D:2)
  2 goblins
  2 hobgoblins (D:2)
  3 bats
  2 frilled lizards (D:1)
  4 kobolds
  8 rats
26 creatures vanquished.

Notes
Turn   | Place    | Note
-------+----------+-------------------------------------------
     0 | D:1      | Kristenmann the Human Necromancer began the quest for the
                  | Orb.
     0 | D:1      | Reached XP level 1. HP: 13/13 MP: 3/3
   544 | D:1      | Reached XP level 2. HP: 18/19 MP: 1/5
   790 | D:2      | Found a blossoming altar of Fedhas.
   829 | D:2      | Reached XP level 3. HP: 9/24 MP: 1/6
  1384 | D:2      | Found an ancient bone altar of Kikubaaqudgha.
  1426 | D:2      | Became a worshipper of Kikubaaqudgha
  1637 | D:2      | Slain by a gnoll

Action                   || total
-------------------------++-------
Melee: Unarmed           ||    11
       Whip              ||     1
 Cast: Pain              ||    49
  Use: Scroll            ||     1
  Eat: Ration            ||     1
Armor: Robe              ||     1
       Leather armour    ||     9
Dodge: Dodged            ||    44
